 Dungeon Crawl Stone Soup version 0.19-a0-1827-g174f941 (webtiles) character file.

9911 dobroeutro the Basher (level 11, -6/72 HPs)
             Began as a Gargoyle Fighter on Oct 7, 2016.
             Was the Champion of Okawaru.
             Mangled by a death yak (16 damage)
             ... on level 1 of the Lair of Beasts.
             The game lasted 00:19:06 (8649 turns).

dobroeutro the Basher (Gargoyle Fighter)            Turns: 8649, Time: 00:19:07

Health: -6/72      AC: 20    Str: 22    XL:     11   Next: 53%
Magic:  9/11       EV: 16    Int:  9    God:    Okawaru [******]
Gold:   678        SH: 12    Dex: 10    Spells: 0 memorised, 10 levels left

rFire  . . .     SeeInvis .     H - +3 flail (crush)
rCold  + . .     Gourm    .     z - +3 scale mail {rPois}
rNeg   + . .     Faith    .     c - +1 shield
rPois  ∞         Spirit   .     (no helmet)
rElec  +         Dismiss  .     (no cloak)
rCorr  .         Reflect  .     C - +0 pair of gloves
MR     .....     Harm     .     A - +0 pair of boots
Stlth  +.........               (no amulet)
                                J - +5 ring of evasion
                                a - ring of protection from cold

@: heroism
A: deformed body, negative energy resistance 1, electricity resistance,
unbreathing, petrification resistance, rot immunity, AC +7
a: Heroism, Finesse, Renounce Religion


You were on level 1 of the Lair of Beasts.
You worshipped Okawaru.
Okawaru was exalted by your worship.
You were near starving.

You visited 2 branches of the dungeon, and saw 12 of its levels.

You collected 678 gold pieces.

Inventory:

Hand Weapons
 b - the +9 heavy crossbow "Sniper" {velocity, nevermiss, SInv}
   (Okawaru gifted it to you on level 10 of the Dungeon)

   Any bolt fired from it inflicts extra damage.
   It lets you see invisible.
 y - a +1 flail of draining
 H - a +3 flail of crushing (weapon)
Armour
 c - a +1 shield (worn)
 z - a +3 scale mail of poison resistance (worn)
 A - a +0 pair of boots (worn)
 C - a +0 pair of gloves (worn)
 G - a +0 plate armour
 M - the +3 chain mail "Ziogum" {rCorr Str+8 Dex-5}
   (You found it on level 11 of the Dungeon)

   It affects your strength (+8).
   It affects your dexterity (-5).
   It protects you from acid and corrosion.
Jewellery
 a - a ring of protection from cold (left hand)
 t - an uncursed ring of protection from magic
 u - an uncursed ring of protection from magic
 J - a +5 ring of evasion (right hand)
 L - an uncursed ring of poison resistance {unknown}
Wands
 D - a wand of hasting (3/9)
 F - a wand of paralysis (15/24)
Scrolls
 g - a scroll of fear
 h - 10 scrolls of identify
 i - 5 scrolls of remove curse
 n - a scroll of recharging
 o - 6 scrolls of amnesia
 p - a scroll of silence
 r - a scroll of enchant armour
 v - 2 scrolls of enchant weapon
 w - a scroll of magic mapping
Potions
 d - 2 potions of might
 e - 2 potions of heal wounds
 k - 2 potions of flight
 l - 5 potions of curing {unknown}
 q - 2 potions of brilliance {unknown}
 x - 4 potions of lignification {unknown}
 B - 2 potions of haste {unknown}
 E - 2 potions of berserk rage {unknown}
Comestibles
 f - 10 bread rations
 j - a slice of pizza
 m - 3 fruits
 s - 3 meat rations
 I - 2 beef jerkies


   Skills:
 + Level 9.9(14.9) Fighting
 * Level 12.5(17.5) Maces & Flails
 + Level 3.4(8.4) Crossbows
 + Level 9.9(14.9) Armour
 - Level 3.2(8.2) Shields


You had 10 spell levels left.
You didn't know any spells.

Dungeon Overview and Level Annotations

Branches:
Dungeon (11/15)            Temple (0/1) D:6            Lair (1/6) D:8
    Orc (0/2) D:9

Altars:
Cheibriados
Dithmenos
Fedhas
Gozag
Makhleb
Okawaru
Beogh

Shops:
D:9 ?

Portals:
Ice
Cave: Lair:1


Innate Abilities, Weirdness & Mutations

You are resistant to torment.
Your stone body is resilient. (AC +7)
You are immune to poison.
You resist negative energy. (rN+)
You are resistant to electric shocks. (rElec)
You can survive without breathing.
You are immune to petrification.
You are immune to rotting.
Armour fits poorly on your strangely shaped body.


Message History

You kill the seven-headed hydra!
Okawaru is honoured by your kill. You block the wolf's attack.
The white imp misses your wolf.
Your wolf bites the death yak!
The death yak gores you but does no damage.
You block the wolf's attack.
The white imp hits your wolf but does no damage.
You bludgeon the wolf!!
The wolf is almost dead.
Your wolf barely misses the death yak.
The death yak misses your wolf. The death yak gores your wolf!
The white imp closely misses your wolf. The wolf bites you but does no damage.
The death yak gores you!
* * * LOW HITPOINT WARNING * * *
The white imp barely misses your wolf.
You hit the wolf.
You kill the wolf!
Okawaru accepts your kill.
Your wolf bites the death yak!
Your wolf closely misses the white imp.
The death yak gores you!
You die...

*** **,..........####.##.#.#.
**,*******,,.....................
,,,,,,,,,,,,.............$......#
,*****,,,**,**#[..5.............#
,** **,***** ##.h5..............
,,* *,,* #.YY5.......>....P ,**
**,* ##h55#.##+.P##.###
,******,*#######YYh.............,
,,,,,,,,,.....hh@Y55............,
**,******#.#######5############,,
*** *** ### ***


You could see 5 death yaks, a polar bear, 2 wolves, 8 white imps and 2 friendly
wolves.

Vanquished Creatures
  A hydra (Lair:1)
  An unseen horror (D:10)
  Pikel (D:7)
  An ugly thing (D:11)
  The ghost of kae the Slasher, a novice FoFi of Okawaru (D:6)
  A two-headed ogre (D:8)
  Grinder (D:5)
  Prince Ribbit (D:7)
  2 hippogriffs (D:10)
  A spriggan (D:7)
  2 hungry ghosts
  A basilisk (Lair:1)
  Menkaure (D:5)
  Edmund (D:5)
  A hornet zombie (D:9)
  8 orc warriors
  2 slaves (D:7)
  A sky beast (D:7)
  3 ice beasts
  A wolf (Lair:1)
  6 centaurs
  10 bullfrogs
  A water moccasin skeleton (D:8)
  2 scorpions
  14 killer bees
  12 wights
  7 howler monkeys
  3 crimson imps
  A centaur zombie (D:7)
  4 jellies
  4 orc priests
  3 bullfrog skeletons
  3 centaur skeletons
  A gnoll shaman (D:6)
  6 hounds
  12 orc wizards
  Natasha (D:3)
  7 worker ants
  2 hound zombies
  6 gnolls
  6 adders
  4 shadow imps
  2 white imps (Lair:1)
  3 worms
  3 adder skeletons
  3 dart slugs
  7 leopard geckos
  46 orcs
  A ball python (D:2)
  A giant cockroach (D:2)
  9 goblins
  7 hobgoblins
  22 jackals
  A quokka (D:7)
  6 bats
  5 frilled lizards
  6 kobolds
  3 rats
272 creatures vanquished.

Vanquished Creatures (collateral kills)
  2 white imps (Lair:1)
2 creatures vanquished.

Vanquished Creatures (others)
  2 fungi (Lair:1)
  2 plants (Lair:1)
4 creatures vanquished.

Grand Total: 278 creatures vanquished

Notes
Turn   | Place    | Note
-------+----------+-------------------------------------------
     0 | D:1      | dobroeutro the Gargoyle Fighter began the quest for the Orb.
     0 | D:1      | Reached XP level 1. HP: 14/14 MP: 1/1
    82 | D:1      | Reached XP level 2. HP: 15/19 MP: 2/2
   423 | D:1      | Reached XP level 3. HP: 23/23 MP: 3/3
   456 | D:2      | Found an iron altar of Okawaru.
   478 | D:2      | Became a worshipper of Warmaster Okawaru
   557 | D:2      | Found a burning altar of Makhleb.
   723 | D:2      | Reached skill level 3 in Maces & Flails
  1171 | D:3      | Reached XP level 4. HP: 28/29 MP: 4/4
  1540 | D:3      | Noticed Natasha
  1547 | D:3      | Killed Natasha
  1682 | D:3      | Reached XP level 5. HP: 32/33 MP: 5/5
  2173 | D:4      | Noticed an ogre
  2262 | D:5      | Entered Level 5 of the Dungeon
  2262 | D:5      | Noticed Edmund
  2293 | D:5      | Killed Edmund
  2293 | D:5      | Reached skill level 4 in Maces & Flails
  2293 | D:5      | Reached XP level 6. HP: 32/39 MP: 6/6
  2500 | D:5      | Noticed Grinder
  2524 | D:5      | Paralysed by Grinder for 6 turns
  2542 | D:5      | Killed Grinder
  2542 | D:5      | Reached * piety under Okawaru
  2542 | D:5      | Reached skill level 5 in Fighting
  2542 | D:5      | Reached skill level 5 in Maces & Flails
  2542 | D:5      | Reached skill level 5 in Armour
  2542 | D:5      | Reached XP level 7. HP: 12/44 MP: 7/7
  2677 | D:5      | Found a shadowy altar of Dithmenos.
  2876 | D:5      | Reached skill level 6 in Maces & Flails
  2955 | D:5      | Noticed Menkaure
  2961 | D:5      | Killed Menkaure
  2961 | D:5      | Reached ** piety under Okawaru
  2961 | D:5      | Reached XP level 8. HP: 49/51 MP: 8/8
  3184 | D:6      | Found a snail-covered altar of Cheibriados.
  3186 | D:6      | Found a staircase to the Ecumenical Temple.
  3228 | D:6      | Reached skill level 7 in Maces & Flails
  3233 | D:6      | Noticed kae's ghost (novice FoFi)
  3575 | D:7      | Noticed Pikel
  3593 | D:7      | Killed Pikel
  3593 | D:7      | Reached *** piety under Okawaru
  3593 | D:7      | Reached skill level 8 in Maces & Flails
  3593 | D:7      | Reached XP level 9. HP: 44/57 MP: 9/9
  3720 | D:7      | Reached **** piety under Okawaru
  3904 | D:6      | Reached skill level 9 in Maces & Flails
  4235 | D:6      | Killed kae's ghost
  4364 | D:6      | Reached ***** piety under Okawaru
  4410 | D:6      | Found an opulent altar of Gozag.
  4587 | D:6      | Reached skill level 10 in Maces & Flails
  4783 | D:7      | Reached XP level 10. HP: 57/64 MP: 10/10
  4808 | D:7      | Noticed Prince Ribbit
  4822 | D:7      | Killed Prince Ribbit
  5090 | D:8      | Found a staircase to the Lair.
  5543 | D:8      | Reached skill level 11 in Maces & Flails
  6223 | D:9      | Found Dimafat's Magic Scroll Shop.
  6696 | D:9      | Found a staircase to the Orcish Mines.
  6919 | D:10     | Entered Level 10 of the Dungeon
  6968 | D:10     | Received a gift from Okawaru
  7014 | D:10     | Reached skill level 1 in Crossbows
  7109 | D:10     | Found a roughly hewn altar of Beogh.
  7118 | D:10     | Reached XP level 11. HP: 52/71 MP: 11/11
  7170 | D:10     | Reached ****** piety under Okawaru
  7434 | D:10     | Killed an unseen horror
  7434 | D:10     | Reached skill level 12 in Maces & Flails
  7742 | D:10     | Received a gift from Okawaru
  7876 | D:10     | Found a blossoming altar of Fedhas.
  7969 | D:11     | Noticed a red ugly thing
  7984 | D:11     | Killed a red ugly thing
  7991 | D:11     | Gained mutation: Armour fits poorly on your strangely shaped body. [mutagenic meat]
  8269 | D:11     | Got a jewelled chain mail
  8280 | D:11     | Identified the +3 chain mail "Ziogum" {rCorr Str+8 Dex-5} (You found it on level 11 of the Dungeon)
  8505 | Lair:1   | Entered Level 1 of the Lair of Beasts
  8569 | Lair:1   | Noticed a death yak
  8571 | Lair:1   | Noticed a death yak
  8573 | Lair:1   | Noticed a death yak
  8573 | Lair:1   | Noticed a death yak
  8573 | Lair:1   | Noticed a death yak
  8573 | Lair:1   | Noticed a death yak
  8612 | Lair:1   | Found a frozen archway.
  8616 | Lair:1   | Noticed a seven-headed hydra
  8647 | Lair:1   | Killed a seven-headed hydra
  8649 | Lair:1   | Mangled by a death yak

Vault maps used:
D:1:      minmay_arrival_plants_in_alcoves
D:2:      kb_forest_paths, marbit_many_paths, overflow_temple_1_default
D:3:      serial_bayou_lake_a, uniq_natasha
D:4:      first_bread, minmay_misc_feat_columns
D:5:      abandoned_shop, nicolae_dithmenos_through_a_glass_darkly,
          uniq_grinder, uniq_menkaure, uniq_edmund
D:6:      overflow_temple_1_default, hex_intersection, grunt_ministairs_15,
          grunt_gozag_breadcrumbs
D:7:      cheibrodos_iron_armory, hangedman_abyss_or_decor_passed, the_bakery,
          uniq_pikel, uniq_prince_ribbit1
D:8:      lair_0_dummy
D:9:      orc_0_dummy, serial_shops, shop
D:10:     basic_altar
D:11:     amethyst_killhole
Lair:1:   portal_ice_cave_entry_imps, serial_bayou_shore_b

Skill      XL: |  1  2  3  4  5  6  7  8  9 10 11 |
---------------+----------------------------------+-----
Maces & Flails | 3 4 5 6 8 10 11 12 | 12.5
Armour         | 4 5 7 8 9 |  9.9
Fighting       | 4 5 7 8 9 |  9.9
Crossbows      | 1 3 |  3.4
Shields        | |  3.2

Action                   |  1- 3 |  4- 6 |  7- 9 | 10-12 || total
-------------------------+-------+-------+-------+-------++-------
Melee: Flail             |   144 |   146 |   419 |   481 ||  1190
Invok: Heroism           |       |       |     1 |     1 ||     2
  Use: Scroll            |       |     1 |     2 |    16 ||    19
       Potion            |       |       |     1 |     1 ||     2
  Eat: Chunk             |     1 |     3 |     7 |     6 ||    17
       Bread ration      |       |       |     1 |       ||     1
       Beef jerky        |       |       |       |     2 ||     2
       Meat ration       |       |       |       |     1 ||     1
       Fruit             |       |       |       |     1 ||     1
       Pizza             |       |       |       |     1 ||     1
Armor: Scale mail        |   119 |    56 |   316 |   295 ||   786
Dodge: Dodged            |    75 |    39 |   136 |   238 ||   488
Block: Shield            |    81 |    68 |   229 |   162 ||   540
